[Event "38th IND-chT 2018"]
[Site "Patia"]
[Date "2018.02.08"]
[Round "1"]
[White "Karthikeyan Pandiyan"]
[Black "Sriansh Das"]
[Result "1-0"]
[ECO "D06"]
[WhiteElo "1422"]
[BlackElo "1389"]
[Annotator "NA RC"]
[PlyCount "48"]
[EventDate "2018.??.??"]
[EventType "team-tourn"]
[EventCountry "IND"]
[SourceTitle "playchess.com"]
[Source "ChessBase"]
[SourceQuality "1"]
[TimeControl "5400+30"]

1. Nf3 d5 2. d4 Bf5 3. c4 e6 4. Qb3 b6 5. Nc3 dxc4 6. Qxc4 h6 7. e4 Bh7 8. Ne5 Nf6 9. Qa4+ Nfd7 10. Bb5 a6 11. Nxd7 axb5 12. Qxa8 Nxd7 13. Qxd8+ Kxd8 14. f3 Bb4 15. O-O c6 16. a4 Bxc3 17. bxc3 bxa4 18. Rxa4 Ke7 19. Ba3+ c5 20. Ra7 Rc8 21. dxc5 bxc5 22. Rd1 Rd8 23. Bxc5+ Ke8 24. Bb4 Ne5 1-0

[Event "38th IND-chT 2018"]
[Site "Patia"]
[Date "2018.02.09"]
[Round "2"]
[White "Rajesh, V A V"]
[Black "Kumar, S. (C)"]
[Result "1-0"]
[ECO "E48"]
[WhiteElo "2315"]
[BlackElo "1922"]
[Annotator "RC"]
[PlyCount "79"]
[EventDate "2018.??.??"]
[EventType "team-tourn"]
[EventCountry "IND"]
[SourceTitle "playchess.com"]
[Source "ChessBase"]
[SourceQuality "1"]
[TimeControl "5400+30"]

1. d4 Nf6 2. c4 e6 3. Nc3 Bb4 4. e3 c5 5. Bd3 O-O 6. Nge2 d5 7. cxd5 Nxd5 8. O-O cxd4 9. exd4 Nc6 10. Nxd5 Qxd5 11. Qc2 h6 12. Be3 Bd7 13. Be4 Qd6 14. Rfd1 Rac8 15. a3 Ba5 16. Qb3 Bb6 17. d5 Na5 18. Qb4 Qxb4 19. axb4 Bxe3 20. bxa5 Bc5 21. dxe6 Bxe6 22. Bxb7 Rb8 23. a6 Bg4 24. Rdc1 Bb6 25. Nc3 Rfd8 26. Nd5 Bd4 27. h3 Bd7 28. Rc2 Bb5 29. Rd2 Be5 30. Ra5 Bf4 31. Nxf4 Rxd2 32. Rxb5 Re8 33. b4 Re1+ 34. Kh2 g5 35. Rd5 Ra2 36. Nd3 Rd1 37. b5 f5 38. Nb4 Raa1 39. Rxd1 Rxd1 40. b6 1-0

[Event "38th IND-chT 2018"]
[Site "Patia"]
[Date "2018.02.09"]
[Round "3"]
[White "Suvradeepta, Das"]
[Black "Naga Shashank, D."]
[Result "1/2-1/2"]
[ECO "A47"]
[WhiteElo "1962"]
[BlackElo "1700"]
[Annotator "NA RC"]
[PlyCount "87"]
[EventDate "2018.??.??"]
[EventType "team-tourn"]
[EventCountry "IND"]
[SourceTitle "playchess.com"]
[Source "ChessBase"]
[SourceQuality "1"]
[TimeControl "5400+30"]

1. d4 e6 2. Bf4 Nf6 3. e3 b6 4. Bd3 Bb7 5. Nf3 d6 6. Nbd2 Nbd7 {A47: 1 d4 Nf6 2 Nf3 b6: Torre, London and Colle Systems} 7. O-O (7. Qe2 Qe7 8. Ba6 Bxa6 9. Qxa6 Qd8 10. O-O Be7 11. h3 O-O 12. Bg3 c5 13. a4 Qc8 14. Qxc8 Rfxc8 {0-1 (170) Ju,W (2567)-Zhao,X (2477) Huaian 2017}) 7... Be7 8. h3 {LiveBook: 7 Games} Nf8 9. Qe2 Ng6 10. Bh2 $146 ({Predecessor:} 10. Bg5 O-O 11. Bxf6 Bxf6 12. Ba6 Qc8 13. Bxb7 Qxb7 14. a4 {0-1 (50) Brandao,R (2113)-Cubas,J (2464) Cordeiropolis 2015}) 10... Qd7 11. Rfd1 O-O 12. c4 Rfe8 13. Nb3 Bf8 14. c5 Rad8 15. Rac1 Nd5 16. cxd6 Bxd6 17. Ne5 Bxe5 18. dxe5 Qc8 19. Nd4 c6 (19... a6 $14) 20. Nb5 Qa8 21. Nd6 Rf8 22. Qg4 c5 23. Nxb7 $2 (23. h4 $18 {is more deadly.}) 23... Qxb7 24. h4 Nb4 {[#]} 25. Be4 ({White should try} 25. Bb1 $1 $16) 25... Qb8 {[#]} (25... Qe7 $14) 26. a3 $1 Nd5 27. Qg3 (27. Bc2 $18 {and White stays clearly on top.}) 27... Nge7 28. Bb1 Kh8 (28... Nc7 $14) 29. Qg4 Qc8 30. Qe4 f5 31. exf6 Nxf6 32. Qc2 Rxd1+ 33. Rxd1 Rd8 34. Rxd8+ Qxd8 35. Be5 Ng6 36. Bxf6 $16 Qxf6 37. Qe4 Kg8 38. b3 Nf8 39. a4 Qc3 40. Qd3 Qe1+ 41. Qf1 Qc3 42. Qd3 Qe1+ 43. Qf1 Qb4 44. Qc4 1/2-1/2

[Event "38th IND-chT 2018"]
[Site "Patia"]
[Date "2018.02.09"]
[Round "3"]
[White "Srujan Keerthan Solletti"]
[Black "Saptorshi Gupta"]
[Result "0-1"]
[ECO "B96"]
[WhiteElo "1512"]
[BlackElo "2087"]
[Annotator "NA RC"]
[PlyCount "102"]
[EventDate "2018.??.??"]
[EventType "team-tourn"]
[EventCountry "IND"]
[SourceTitle "playchess.com"]
[Source "ChessBase"]
[SourceQuality "1"]
[TimeControl "5400+30"]

1. e4 c5 2. Nf3 d6 3. d4 cxd4 4. Nxd4 Nf6 5. Nc3 a6 6. Bg5 e6 7. f4 Nbd7 8. Qd2 {B96: Sicilian Najdorf: 6 Bg5 e6 7 f4, lines other than 7...Qb6 and 7...Be7} (8. Qe2 Qc7 9. O-O-O b5 10. a3 Bb7 11. g4 Be7 12. Bh4 b4 13. axb4 a5 14. Bxf6 Nxf6 15. b5 a4 16. g5 Nxe4 17. Nxe4 d5 {½-½ (40) Adhiban,B (2677)-Nepomniachtchi,I (2751) Tbilisi 2017}) 8... h6 9. Bh4 Nxe4 $1 10. Bxd8 Nxd2 11. Bh4 Nxf1 12. Rxf1 b5 $146 ({Predecessor:} 12... Be7 13. Bxe7 Kxe7 14. O-O-O Nf6 15. Rfe1 g6 16. h3 {0-1 (41) Mai,L (2166)-Sjugirov,S (2422) Kemer 2007}) 13. f5 Ne5 14. O-O-O Be7 15. Bxe7 Kxe7 16. fxe6 fxe6 17. Nf3 Nxf3 18. Rxf3 Bb7 19. Rfd3 Rad8 ({Of course not} 19... Bxg2 $6 20. Rg3 $11) 20. Re1 Rhf8 21. Nd5+ Bxd5 22. Rxd5 Rf2 23. Rd2 Rdf8 24. Ree2 Rf1+ 25. Rd1 R8f2 26. Rxf2 Rxf2 27. Rd2 Rf1+ 28. Rd1 Rxd1+ 29. Kxd1 e5 30. Ke2 d5 31. c3 Kd6 32. Kd3 a5 33. b3 Kc5 34. Ke3 b4 35. Kd2 bxc3+ 36. Kxc3 d4+ 37. Kb2 e4 38. a3 g5 39. g4 Kd5 40. Kc2 d3+ 41. Kc3 Kc5 42. h3 Kd5 43. b4 axb4+ 44. axb4 Kc6 45. Kd2 Kb6 46. Kc3 Kb5 47. Kb3 d2 48. Kc2 e3 49. Kd1 Kxb4 50. Kc2 Kc4 51. Kd1 Kd3 0-1

[Event "38th IND-chT 2018"]
[Site "Patia"]
[Date "2018.02.11"]
[Round "6"]
[White "Nitin, S.."]
[Black "Thanki, Hemal Karsanji"]
[Result "1-0"]
[ECO "B53"]
[WhiteElo "2402"]
[BlackElo "2073"]
[Annotator "ChessBase"]
[PlyCount "177"]
[EventDate "2018.??.??"]
[EventType "team-tourn"]
[EventCountry "IND"]
[SourceTitle "playchess.com"]
[Source "ChessBase"]
[SourceQuality "1"]
[TimeControl "5400+30"]

1. e4 c5 2. Nf3 d6 3. d4 cxd4 4. Qxd4 a6 5. h3 Nc6 6. Qe3 g6 7. c4 Bh6 8. Qc3 Qa5 9. Qxa5 Nxa5 10. Nc3 Be6 11. Nd5 Rc8 12. Bxh6 Nxh6 13. b3 Nc6 14. Be2 f6 15. O-O Nf7 16. Rfd1 g5 17. Ne1 Nfe5 18. Nc2 Kf7 19. Nce3 Ng6 20. Bf1 h5 21. Nf5 h4 22. Rac1 Bxf5 23. exf5 Nf4 24. Ne3 Ne5 25. b4 a5 26. a3 b6 27. Rb1 axb4 28. axb4 Ra8 29. Ra1 Nc6 30. Rxa8 Rxa8 31. g3 hxg3 32. fxg3 Ra3 33. b5 Na5 34. Kf2 Nh5 35. Re1 Kf8 36. h4 Nb3 37. Be2 Ra2 38. hxg5 fxg5 39. Nd5 Nd4 40. Nxb6 Nxg3 41. Kxg3 Nxe2+ 42. Kg4 Nd4 43. Nd5 Rg2+ 44. Kh3 Rb2 45. Rxe7 Nxf5 46. Rc7 Ke8 47. b6 Kd8 48. Kg4 Ne3+ 49. Nxe3 Rxb6 50. Rg7 Rb3 51. Kf3 g4+ 52. Ke4 g3 53. Rxg3 Kd7 54. Kd4 Kc6 55. Rg6 Rb2 56. Rg2 Rb1 57. Ra2 Rh1 58. Ra6+ Kd7 59. Ra7+ Kc6 60. Re7 Rh4+ 61. Re4 Rh1 62. Rg4 Ra1 63. Rg3 Rh1 64. Nf5 Rf1 65. Ne7+ Kd7 66. Nd5 Rd1+ 67. Ke4 Re1+ 68. Kd3 Rd1+ 69. Kc2 Rh1 70. Rg7+ Ke6 71. Re7+ Kf5 72. Re3 Rg1 73. Kc3 Rb1 74. Kd4 Rd1+ 75. Rd3 Rh1 76. Re3 Rd1+ 77. Kc3 Rb1 78. Re2 Ra1 79. Nb4 Rd1 80. Nc2 Rb1 81. Nd4+ Kf4 82. Re6 Rc1+ 83. Nc2 Rd1 84. Re1 Rxe1 85. Nxe1 Ke5 86. Nd3+ Ke4 87. Nb4 Ke5 88. Kd3 Ke6 89. Kd4 1-0

[Event "38th IND-chT 2018"]
[Site "Patia"]
[Date "2018.02.11"]
[Round "6"]
[White "Rajesh, V A V"]
[Black "Arpan, Das"]
[Result "1-0"]
[ECO "A75"]
[WhiteElo "2315"]
[BlackElo "2192"]
[Annotator "NA"]
[PlyCount "91"]
[EventDate "2018.??.??"]
[EventType "team-tourn"]
[EventCountry "IND"]
[SourceTitle "playchess.com"]
[Source "ChessBase"]
[SourceQuality "1"]
[TimeControl "5400+30"]

1. d4 Nf6 2. c4 e6 3. Nc3 c5 4. d5 exd5 5. cxd5 d6 6. Nf3 g6 7. Bf4 a6 8. a4 Bg7 9. e4 O-O 10. Be2 Bg4 11. O-O Re8 12. Nd2 Bxe2 13. Qxe2 Nh5 14. Be3 Nd7 15. g4 Nhf6 16. h3 h6 17. Rfe1 Rb8 18. f3 Nh7 19. Kg2 Qe7 20. a5 Qf8 21. Nc4 Ne5 22. Nb6 Rbd8 23. Qc2 Qe7 24. Rad1 Rf8 25. f4 Nd7 26. Nc4 Rfe8 27. Bf2 h5 28. gxh5 gxh5 29. Qe2 f5 30. e5 dxe5 31. Qxh5 Qf8 32. Bh4 Ndf6 33. Qxf5 exf4 34. Qxf4 Rxe1 35. Rxe1 Bh6 36. Qf5 Rd7 37. Rf1 Rg7+ 38. Kh1 Bg5 39. Bxg5 Rxg5 40. Qe6+ Kg7 41. Ne4 Rxd5 42. Rg1+ Kh8 43. Ne5 Rxe5 44. Qxe5 Qc8 45. Kh2 Qd8 46. Rg6 1-0

[Event "38th IND-chT 2018"]
[Site "Patia"]
[Date "2018.02.11"]
[Round "6"]
[White "Sharma, Dinesh K."]
[Black "Rakesh, Kumar Nayak"]
[Result "*"]
[ECO "B01"]
[WhiteElo "2238"]
[BlackElo "2047"]
[Annotator "NA"]
[PlyCount "93"]
[EventDate "2018.??.??"]
[EventType "team-tourn"]
[EventCountry "IND"]
[SourceTitle "playchess.com"]
[Source "ChessBase"]
[SourceQuality "1"]
[TimeControl "5400+30"]

1. e4 d5 2. exd5 Nf6 3. d4 Nxd5 4. c4 Nf6 5. Nc3 g6 6. h3 {B01: Scandinavian Defence} Bg7 7. Nf3 O-O 8. Be2 c6 9. O-O Bf5 10. Bf4 Nbd7 $146 ({Predecessor:} 10... Ne4 11. Qb3 Qb6 12. Qa3 Nxc3 13. bxc3 c5 14. g4 Bc8 15. Rab1 Qe6 16. Rfe1 Na6 {1-0 (30) Ponkratov,P (2610)-Rakhmanov,A (2623) Kaliningrad 2015}) 11. g4 Nxg4 12. hxg4 Bxg4 13. Ne5 Bh3 14. Re1 Nxe5 15. dxe5 Qc8 16. Qd3 Rd8 17. Qe3 Qf5 18. Rad1 h6 19. Bg3 h5 20. Bd3 Qg4 21. Be2 Qf5 22. Qe4 Qe6 23. Qf4 Bf5 24. Bf1 Bg4 25. f3 $18 Bf5 26. Ne4 Qc8 27. b3 b6 28. Be2 Qa6 29. Nc3 Qa5 30. Qe3 h4 31. Bh2 h3 32. Bg3 Qa3 33. Bf1 Qa5 34. Kh2 Bc2 35. Rd2 Bf5 36. Bxh3 Bxh3 37. Kxh3 b5 38. cxb5 cxb5 39. Red1 Rxd2 40. Qxd2 Qc7 41. Nxb5 Qb7 42. Qd5 Qc8+ 43. Kg2 a6 44. Nc7 Qxc7 45. Qxa8+ Kh7 46. Rh1+ Bh6 47. Rxh6+ *

[Event "38th IND-chT 2018"]
[Site "Patia"]
[Date "2018.02.11"]
[Round "6"]
[White "Shetty Rahul"]
[Black "Kumar, S.."]
[Result "1-0"]
[ECO "B82"]
[WhiteElo "2166"]
[BlackElo "1922"]
[Annotator "NA"]
[PlyCount "63"]
[EventDate "2018.??.??"]
[EventType "team-tourn"]
[EventCountry "IND"]
[SourceTitle "playchess.com"]
[Source "ChessBase"]
[SourceQuality "1"]
[TimeControl "5400+30"]

1. e4 c5 2. Nc3 a6 3. Nge2 e6 4. d4 cxd4 5. Nxd4 d6 6. Be3 Nf6 7. f4 Be7 8. Qf3 Qc7 9. Bd3 Nbd7 10. g4 g5 11. Nb3 h5 12. gxh5 gxf4 13. Qxf4 Nxh5 14. Qf2 Ne5 15. Rf1 Nf6 16. Bb6 Qd7 17. O-O-O Neg4 18. Qg3 Qc6 19. Bd4 e5 20. Bg1 Nh5 21. Qe1 Nf4 22. Nd5 Bg5 23. Kb1 Be6 24. Na5 Qc8 25. Nb6 Qb8 26. Qb4 Ra7 27. Nbc4 Be7 28. Nc6 Qc7 29. Nxe7 Kxe7 30. Bxa7 Nxd3 31. cxd3 b5 32. Nxd6 1-0

[Event "38th IND-chT 2018"]
[Site "Patia"]
[Date "2018.02.11"]
[Round "6"]
[White "Baivab, Mishra"]
[Black "Sriram, Jha"]
[Result "1/2-1/2"]
[ECO "E15"]
[WhiteElo "2139"]
[BlackElo "2388"]
[Annotator "NA"]
[PlyCount "101"]
[EventDate "2018.??.??"]
[EventType "team-tourn"]
[EventCountry "IND"]
[SourceTitle "playchess.com"]
[Source "ChessBase"]
[SourceQuality "1"]
[TimeControl "5400+30"]

1. d4 Nf6 2. c4 e6 3. Nf3 b6 4. g3 Ba6 5. b3 Bb4+ 6. Bd2 Be7 7. Bg2 d5 8. cxd5 exd5 {LiveBook: 323 Games} 9. O-O O-O 10. Nc3 Re8 11. Re1 {E15: Queen's Indian: 4 g3 sidelines, 4 g3 Ba6 and 4 g3 Bb7 early deviations} (11. Qc2 c5 12. Rfd1 Nc6 13. Be3 Rc8 14. Qf5 g6 15. Qf4 cxd4 16. Nxd4 Bd6 17. Nxc6 Rxc6 18. Qa4 Rxc3 19. Qxa6 Rcxe3 20. fxe3 {1-0 (55) Ivanchuk,V (2729)-Karjakin,S (2760) Medias 2017}) 11... Bb7 12. Rc1 Ne4 13. Ne5 Nxc3 $146 ({Predecessor:} 13... Nd7 14. Nxe4 Nxe5 15. Nc5 bxc5 16. dxe5 Bf8 17. Bc3 c6 18. e3 a5 {1-0 (54) Piankov,E (2310)-Keschitz,G (2290) Budapest 1993}) 14. Bxc3 Nd7 15. Nd3 Nf6 16. Bb4 Bxb4 17. Nxb4 Qd6 18. Nd3 Re7 19. e3 c6 20. Re2 Rc8 21. Rec2 Rcc7 22. Qe1 g6 23. Qb4 Qd8 24. a4 Ba6 25. Nf4 Bb7 26. a5 Rc8 27. axb6 axb6 28. Bf3 Ra8 29. h4 Ne4 30. Kg2 $11 c5 31. dxc5 bxc5 32. Qe1 d4 33. Qd1 Qb6 34. b4 cxb4 35. Qxd4 Qxd4 36. exd4 b3 37. Rb2 Ra2 38. Rxb3 Nxf2 39. Rxb7 Ne4+ 40. Kg1 Rxb7 41. Bxe4 Rb3 42. Bd3 Rd2 43. Re1 Rdxd3 44. Nxd3 Rxd3 45. Kg2 Rxd4 46. Re7 Kg7 47. Ra7 h5 48. Ra6 Re4 49. Kf3 Re6 50. Ra7 Kf6 51. Kf4 1/2-1/2

[Event "38th IND-chT 2018"]
[Site "Patia"]
[Date "2018.02.11"]
[Round "6"]
[White "Hari Madhavan N B"]
[Black "Satyapragyan, Swayangsu"]
[Result "0-1"]
[ECO "A46"]
[WhiteElo "2086"]
[BlackElo "2398"]
[Annotator "NA"]
[PlyCount "56"]
[EventDate "2018.??.??"]
[EventType "team-tourn"]
[EventCountry "IND"]
[SourceTitle "playchess.com"]
[Source "ChessBase"]
[SourceQuality "1"]
[TimeControl "5400+30"]

1. d4 Nf6 2. Nf3 c5 3. c3 Qc7 4. e3 {A46: 1 d4 Nf6 2 Nf3 e6: Torre, London and Colle Systems} (4. g3 g6 5. Bg2 Bg7 6. O-O O-O 7. Re1 d5 8. Bf4 Qb6 9. Qb3 Nc6 10. dxc5 Qxc5 11. Nbd2 Re8 12. Be3 Qa5 13. c4 d4 14. Bg5 h6 15. Bxf6 exf6 {½-½ (61) Aronian,L (2792)-Vachier Lagrave,M (2789) Leuven 2016}) 4... g6 5. Bd3 Bg7 6. O-O O-O 7. Na3 $146 ({Predecessor:} 7. b4 c4 8. Bc2 a5 9. b5 d5 10. a4 Nbd7 11. Nbd2 Re8 {0-1 (55) Fenollar Jorda,M (2307)-Djuric,S (2464) Campillos 2007}) 7... d6 8. e4 a6 9. Bf4 Nbd7 10. b4 e5 11. Bd2 b5 12. dxc5 dxc5 13. c4 Bb7 14. Qc2 Rfc8 15. Rac1 Qb6 16. Qb1 cxb4 17. Bxb4 Nc5 18. Bxc5 Qxc5 19. Qb2 b4 20. Nc2 Nxe4 21. Qxb4 Qa7 22. Qe1 Nc5 23. Be2 e4 24. Nd2 Re8 25. Ne3 Rad8 26. Rc2 Nd3 27. Qb1 Bd4 28. Nb3 $19 (28. c5 $17 {was the crucial defense.}) 28... Bxe3 0-1

[Event "38th IND-chT 2018"]
[Site "Patia"]
[Date "2018.02.11"]
[Round "6"]
[White "Panda, Sambit"]
[Black "Deshmukh, Anup"]
[Result "0-1"]
[ECO "A52"]
[WhiteElo "2085"]
[BlackElo "2284"]
[Annotator "NA"]
[PlyCount "64"]
[EventDate "2018.??.??"]
[EventType "team-tourn"]
[EventCountry "IND"]
[SourceTitle "playchess.com"]
[Source "ChessBase"]
[SourceQuality "1"]
[TimeControl "5400+30"]

1. d4 Nf6 2. c4 e5 3. dxe5 Ng4 4. Nf3 Bc5 5. e3 Nc6 6. a3 a5 7. Bd2 {A52: Budapest Gambit} (7. Nc3 Ngxe5 8. Nxe5 Nxe5 9. f4 Ng6 10. Bd3 d6 11. O-O f5 12. Rb1 c6 13. b4 axb4 14. axb4 Ba7 15. Kh1 O-O 16. Rf3 Be6 {1-0 (34) Beliavsky,A (2599)-Mamedyarov,S (2646) Sant Lluis 2005}) 7... O-O 8. Bc3 Re8 9. Nbd2 Ncxe5 10. Nxe5 Nxe5 11. Nf3 $146 ({Predecessor:} 11. b4 Bf8 12. Be2 d6 13. Nf3 Nxf3+ 14. Bxf3 Be7 {½-½ (32) Kelecevic,N (2250)-Filipovic,B (2374) Belp 2015}) 11... Ng4 12. Be2 Bxe3 13. fxe3 Nxe3 14. Qd2 Ra6 15. Kf2 Ng4+ 16. Kg1 Rd6 17. Bd3 b6 18. Qf4 Rxd3 19. Qxg4 f6 20. Qf5 $16 Ree3 21. Nd4 Bb7 22. Kf2 g6 23. Qb5 Qe7 24. Rhe1 Qe4 25. Rxe3 Qxg2+ 26. Ke1 Qg1+ 27. Ke2 Rxe3+ 28. Kd2 Qf2+ 29. Kd1 Be4 30. Qxd7 Qf1+ 31. Kd2 Rd3+ 32. Kc2 Rxc3+ 0-1

[Event "38th IND-chT 2018"]
[Site "Patia"]
[Date "2018.02.11"]
[Round "6"]
[White "Agarwal, Brajesh"]
[Black "Nayak Rajesh"]
[Result "1-0"]
[ECO "E84"]
[WhiteElo "1899"]
[BlackElo "2263"]
[Annotator "NA"]
[PlyCount "67"]
[EventDate "2018.??.??"]
[EventType "team-tourn"]
[EventCountry "IND"]
[SourceTitle "playchess.com"]
[Source "ChessBase"]
[SourceQuality "1"]
[TimeControl "5400+30"]

1. d4 Nf6 2. c4 g6 3. Nc3 Bg7 4. e4 d6 5. f3 Nc6 6. Be3 a6 7. Nge2 Rb8 8. Qd2 O-O 9. Nc1 e5 10. d5 Nd4 11. N1e2 c5 12. dxc6 bxc6 13. Nxd4 exd4 14. Bxd4 Re8 15. Be2 d5 16. cxd5 Rb4 {E84: Königsindisch (Sämisch-Angriff)} 17. Bc5 Nxe4 18. fxe4 Bxc3 19. Qxc3 Rbxe4 20. O-O Rxe2 21. dxc6 Qg5 22. Bf2 R8e3 23. Qc4 Re4 24. Qb3 (24. Qd3) 24... Be6 25. Qb8+ Kg7 26. c7 $146 ({Vorgänger:} 26. Rad1 Bd5 27. Rxd5 Qxd5 28. c7 Rxf2 29. Qh8+ Kh6 {0-1 (29) Hesham,A (2418)-Nayak,R (2089) Chennai 2017}) 26... Rc2 27. Qd8 Re5 28. Qxg5 Rxg5 29. Rac1 $18 Rxc1 30. Rxc1 Bc8 31. Rd1 Bb7 32. h3 Ra5 33. Rd8 Rxa2 34. Bd4+ 1-0